 Dungeon Crawl Stone Soup version 0.21.1-1-g345015f (webtiles) character file.

135 kae the Insei (level 4, 0/40 HPs)
             Began as a Demonspawn Monk on Apr 22, 2018.
             Slain by a worker ant (2 damage)
             ... on level 4 of the Dungeon.
             The game lasted 00:03:09 (2906 turns).

kae the Insei (Demonspawn Monk)                     Turns: 2906, Time: 00:03:11

Health: 0/40       AC:  3    Str: 11 (12) XL:     4   Next: 96%
Magic:  4/4        EV: 13    Int: 11      God:
Gold:   166        SH:  0    Dex: 16      Spells: 3/3 levels left

rFire    . . .     SeeInvis .   d - -2 short sword (curse)
rCold    + . .     Gourm    .   (no shield)
rNeg     . . .     Faith    .   a - +1 robe
rPois    .         Spirit   .   (no helmet)
rElec    .         Reflect  .   (no cloak)
rCorr    .         Harm     .   (no gloves)
MR       .....                  (no boots)
Stlth    ++........             i - amulet of inaccuracy (curse)
HPRegen  0.13/turn              c - ring of protection from cold
MPRegen  0.09/turn              (no ring)

@: lethally poisoned (0 -> -15)
A: blink, robust 1, spiny 1, wild magic 1
a: Blink


You were on level 4 of the Dungeon.
You were not hungry.

You visited 1 branch of the dungeon, and saw 4 of its levels.

You collected 166 gold pieces.

Inventory:

Hand Weapons
 d - a cursed -2 short sword (weapon)
Armour
 a - a +1 robe (worn)
Jewellery
 c - a ring of protection from cold (left hand)
 i - a cursed amulet of inaccuracy (around neck)
Scrolls
 e - 3 scrolls of teleportation
Potions
 g - a potion of agility
 h - 3 potions of invisibility
 j - a potion of brilliance
 k - 2 potions of magic
 l - a potion of resistance
Comestibles
 b - 5 rations


   Skills:
 + Level 4.0 Fighting
 - Level 2.6 Dodging
 - Level 1.7 Stealth
 * Level 4.5 Unarmed Combat


You had 3 spell levels left.
You didn't know any spells.

Dungeon Overview and Level Annotations

Branches:
Dungeon (4/15)
 Temple: D:4-7

Altars:
Gozag
Sif Muna
Trog
Uskayaw


Innate Abilities, Weirdness & Mutations

You are partially covered in sharp spines.
You can translocate small distances at will.
You are robust. (+10% HP)
Your spells are a little harder to cast, but a little more powerful.


Message History

The worker ant is struck by your spines.
The worker ant bites you but does no damage.
You barely miss the worker ant.
The worker ant is heavily wounded.
* * * LOW HITPOINT WARNING * * *
You feel sick. The worker ant bites you.
* * * LOW HITPOINT WARNING * * *
You hit the worker ant.
The worker ant is heavily wounded.
* * * LOW HITPOINT WARNING * * *
You feel sick.
The worker ant is struck by your spines.
The worker ant closely misses you.
You hit the worker ant.
The worker ant is severely wounded.
* * * LOW HITPOINT WARNING * * *
You feel sick. The worker ant closely misses you.
The worker ant is struck by your spines.
The worker ant bites you.
You die...

#######.# .........
...#....(..
###.....#..#
...........#
........#..#
........#..# #@#..#
#######a#..#
.......s.<.#.#
.##.#.#.#.#........
............##.####
.#.#.#.#.#.....#
......s....######
..#.#.#.#.#.#
.........+#


You could see a scorpion and a worker ant.

Vanquished Creatures
  A hound skeleton (D:4)
  4 adders
  2 oozes
  A worm (D:2)
  A dart slug (D:3)
  2 leopard geckos (D:2)
  7 orcs
  6 bats
  3 giant cockroaches
  7 goblins
  5 hobgoblins
  3 jackals (D:2)
  A quokka (D:4)
  3 frilled lizards
  5 kobolds
  14 rats
65 creatures vanquished.

Notes
Turn   | Place    | Note
-------+----------+-------------------------------------------
     0 | D:1      | kae the Demonspawn Monk began the quest for the Orb.
     0 | D:1      | Reached XP level 1. HP: 18/18 MP: 1/1
   426 | D:1      | Gained mutation: You are partially covered in sharp spines. [demonic ancestry]
   426 | D:1      | Reached XP level 2. HP: 20/24 MP: 2/2
  1116 | D:2      | Reached XP level 3. HP: 12/29 MP: 3/3
  1337 | D:2      | Gained mutation: You are robust. (+10% HP) [potion of mutation]
  1337 | D:2      | Gained mutation: You can translocate small distances at will. [potion of mutation]
  1337 | D:2      | Gained mutation: Your spells are a little harder to cast, but a little more powerful. [potion of mutation]
  1874 | D:2      | Found an opulent altar of Gozag.
  2102 | D:2      | Noticed a moth of wrath
  2105 | D:2      | Found a bloodstained altar of Trog.
  2254 | D:3      | Reached XP level 4. HP: 26/40 MP: 4/4
  2707 | D:3      | Found a deep blue altar of Sif Muna.
  2828 | D:3      | Found a hide-covered altar of Uskayaw.
  2906 | D:4      | HP: 2/40 [poisoned by a worker ant]
  2906 | D:4      | Slain by a worker ant

Skill      XL: |  1  2  3  4 |
---------------+-------------+-----
Unarmed Combat | 3 4 |  4.5
Fighting       | 4 |  4.0
Dodging        | |  2.6
Stealth        | |  1.7

Action                   |  1- 3 |  4- 6 || total
-------------------------+-------+-------++-------
Melee: Unarmed           |    23 |       ||    23
       Short sword       |   108 |    75 ||   183
       Punch             |     4 |     2 ||     6
  Use: Scroll            |     6 |     4 ||    10
       Potion            |     3 |       ||     3
 Stab: Sleeping          |     3 |     2 ||     5
       Invisible         |     3 |       ||     3
  Eat: Chunk             |     4 |     2 ||     6
Armor: Robe              |    19 |    18 ||    37
Dodge: Dodged            |   102 |    53 ||   155
